AoeStats
← RIO1000

Arabia

508006589Analyzed
1v1 RM · 12d ago on Sep 20, 2026· 75m 45s· 2 players
Game mode
Random Map
Map size
Tiny (2 player)
Population
200
Speed
Normal
Resources
Standard
Victory
Conquest
Starting age
Dark Age
Ending age
Imperial Age
RankedLock teamsTeams togetherTeam positionsShared explorationLock speedFull tech treeHidden civsTurbo modeCheats
Victory
Defeat
🇺🇸 Magyars · United States
913
+15
🇲🇽 Britons · Mexico
882
-15
RIO1000
5:12 Loom
10:09 Feudal Age
10:54 Double-Bit Axe
16:24 Castle Age
14:54 Horse Collar
17:20 Bow Saw
20:36 Heavy Plow
20:53 Gold Mining
21:54 Pikeman
23:38 Squires
24:45 Scale Mail Armor
28:37 Elite Skirmisher
31:16 Ballistics
32:15 Gold Shaft Mining
31:41 Stone Mining
31:31 Crossbowman
32:04 Stone Mining
34:23 Fletching
36:28 Bodkin Arrow
38:56 Wheelbarrow
39:45 Town Watch
44:11 Imperial Age
42:30 Padded Archer Armor
44:43 Forging
44:26 Arbalester
46:34 Yeomen
46:19 Halberdier
47:31 Bracer
48:20 Chain Mail Armor
50:32 Chemistry
51:56 Leather Archer Armor
52:20 Iron Casting
65:48 Hand Cart
75:48 Husbandry
MaxedWayOut
5:48 Loom
9:19 Feudal Age
19:39 Castle Age
18:00 Double-Bit Axe
18:07 Fletching
20:45 Bow Saw
20:33 Gold Mining
25:01 Bodkin Arrow
27:19 Gold Shaft Mining
28:43 Wheelbarrow
30:26 Ballistics
31:16 Hand Cart
31:33 Stone Mining
33:46 Husbandry
33:57 Bloodlines
33:50 Padded Archer Armor
34:39 Horse Collar
35:34 Town Watch
40:19 Imperial Age
39:31 Scale Barding Armor
42:14 Heavy Plow
44:18 Leather Archer Armor
44:13 Bracer
44:35 Chain Barding Armor
44:15 Murder Holes
45:58 Recurve Bow
47:17 Two-Man Saw
47:26 Leather Archer Armor
48:10 Hoardings
48:37 Corvinian Army
49:17 Parthian Tactics
49:00 Thumb Ring
49:43 Crop Rotation
50:45 Plate Barding Armor
50:43 Onager
53:33 Conscription
61:15 Heavy Cavalry Archer
62:55 Ring Archer Armor
65:31 Town Patrol
67:08 Light Cavalry
68:04 Capped Ram
69:38 Light Cavalry
72:51 Hussar
72:56 Elite Skirmisher
Connection lost

Rejoining the realm…

Still unreachable

The connection could not be restored.

Session expired

The server has moved on; the page needs a fresh start.